BLB
NEW ORLEANS VOODOO @ PHOENIX ROADRUNNERS
04/17/2060
 
TOP OF THE 1ST
Montreal Exports batting - Pitching for Denver Bulls : RHP Dwan Tamarovsky
Pitching: RHP Dwan Tamarovsky
Batting: RHB Landon Zitter 0-0: Ball
1-0: Foul Ball, location: 2F
1-1: SINGLE (Line Drive, 4D, EV 97.5 MPH)
Batting: RHB Max Johnson 0-0: Fly out, F4 (Line Drive, 4, EV 66.2 MPH)
Lined into DP, 4-3 (Line Drive, 4, EV 72.5 MPH)
Batting: RHB Henry Miller 0-0: SINGLE (Line Drive, 8LS, EV 90.6 MPH)
Batting: RHB Derek Engledow 0-0: Called Strike
0-1: Fly out, F8 (Flyball, 8LD, EV 96.9 MPH)
Top of the 1st over - 0 runs, 2 hits, 0 errors, 1 left on base; Montreal 0 - Denver 0
BOTTOM OF THE 1ST
Denver Bulls batting - Pitching for Montreal Exports : RHP Jake Stewart
Pitching: RHP Jake Stewart
Batting: RHB Dalton Brown 0-0: Ball
1-0: Foul Ball, location: 2F
1-1: Swinging Strike
1-2: Strikes out swinging
Batting: LHB Brett Gesell 0-0: Called Strike
0-1: Ball
1-1: Ball
2-1: Ground out 4-3 (Groundball, 4, EV 90.6 MPH)
Batting: LHB Sean Gallina 0-0: Called Strike
0-1: Ball
1-1: Called Strike
1-2: Foul Ball, location: 2F
1-2: Fly out, F9 (Flyball, 89M, EV 93.8 MPH)
Bottom of the 1st over - 0 runs, 0 hits, 0 errors, 0 left on base; Montreal 0 - Denver 0
TOP OF THE 2ND
Montreal Exports batting - Pitching for Denver Bulls : RHP Dwan Tamarovsky
Batting: LHB Jayden Marotta 0-0: Called Strike
0-1: Ground out 4-3 (Groundball, 4S, EV 81.2 MPH)
Batting: RHB Kyle Levin 0-0: Ball
1-0: Foul Ball, location: 2F
1-1: Called Strike
1-2: Ground out U3 (Groundball, 3, EV 104.4 MPH)
Batting: RHB Zechariah Norkus 0-0: Ball
1-0: Swinging Strike
1-1: Fly out, F8 (Flyball, 8LS, EV 90.6 MPH)
Top of the 2nd over - 0 runs, 0 hits, 0 errors, 0 left on base; Montreal 0 - Denver 0
BOTTOM OF THE 2ND
Denver Bulls batting - Pitching for Montreal Exports : RHP Jake Stewart
Batting: RHB James Wilson 0-0: Ball
1-0: Ball
2-0: Called Strike
2-1: SINGLE (Line Drive, 9S, EV 93.1 MPH)
Batting: RHB Riley Mortimer 0-0: Ball
1-0: Ball
Wild Pitch!
James Wilson to second
2-0: Ball
3-0: Fly out, F7 (Flyball, 7LM, EV 75.0 MPH)
Batting: RHB Bert Thoma 0-0: Swinging Strike
0-1: Foul Ball, location: 2F
0-2: Ball
1-2: Foul Ball, location: 2F
1-2: Foul Ball, location: 2F
1-2: Ball
2-2: Strikes out looking
Batting: LHB Mandela Faruq 0-0: Called Strike
0-1: Ball
1-1: Ball
2-1: Swinging Strike
2-2: Ball
3-2: SINGLE (Groundball, 6S, EV 65.0 MPH) (infield hit)
James Wilson to third
Batting: SHB T.J. Carter 0-0: Ball
1-0: Ball
2-0: Called Strike
2-1: Swinging Strike
2-2: Strikes out swinging
Bottom of the 2nd over - 0 runs, 2 hits, 0 errors, 2 left on base; Montreal 0 - Denver 0
TOP OF THE 3RD
Montreal Exports batting - Pitching for Denver Bulls : RHP Dwan Tamarovsky
Batting: RHB Al Bush 0-0: Ball
1-0: Ball
2-0: Called Strike
2-1: Called Strike
2-2: SINGLE (Line Drive, 6D, EV 96.2 MPH)
Batting: RHB Asher Miles 0-0: Ball
1-0: Fly out, F7 (Flyball, 7LMF, EV 91.9 MPH)
Batting: RHB Landon Zitter 0-0: Swinging Strike
0-1: Ball
1-1: Foul Ball, location: 2F
1-2: Ball
2-2: Foul Ball, location: 2F
2-2: Fly out, F5 (Popup, 5SF, EV 71.2 MPH)
Batting: RHB Max Johnson 0-0: Called Strike
0-1: Swinging Strike
0-2: Foul Ball, location: 2F
0-2: Strikes out swinging
Top of the 3rd over - 0 runs, 1 hit, 0 errors, 1 left on base; Montreal 0 - Denver 0
BOTTOM OF THE 3RD
Denver Bulls batting - Pitching for Montreal Exports : RHP Jake Stewart
Batting: RHB Liam Gill 0-0: Foul Ball, location: 2F
0-1: Ground out 5-3 (Groundball, 56S, EV 87.5 MPH)
Batting: RHB Dalton Brown 0-0: Ball
1-0: Called Strike
1-1: Swinging Strike
1-2: Ball
2-2: Foul Ball, location: 2F
2-2: Ball
3-2: Foul Ball, location: 2F
3-2: Ground out 4-3 (Groundball, 4, EV 85.6 MPH)
Batting: LHB Brett Gesell 0-0: Ball
1-0: Foul Ball, location: 2F
1-1: Foul Ball, location: 2F
1-2: Strikes out looking
Bottom of the 3rd over - 0 runs, 0 hits, 0 errors, 0 left on base; Montreal 0 - Denver 0
TOP OF THE 4TH
Montreal Exports batting - Pitching for Denver Bulls : RHP Dwan Tamarovsky
Batting: RHB Henry Miller 0-0: Ball
1-0: Ball
2-0: Fly out, F9 (Line Drive, 9, EV 88.1 MPH)
Batting: RHB Derek Engledow 0-0: SINGLE (Flyball, 8LS, EV 95.0 MPH)
Batting: LHB Jayden Marotta 0-0: Foul Ball, location: 2F
0-1: Called Strike
0-2: Strikes out swinging
Batting: RHB Kyle Levin 0-0: Fielders Choice at 2nd, 5-4 (Groundball, 56, EV 91.2 MPH)
Top of the 4th over - 0 runs, 1 hit, 0 errors, 1 left on base; Montreal 0 - Denver 0
BOTTOM OF THE 4TH
Denver Bulls batting - Pitching for Montreal Exports : RHP Jake Stewart
Batting: LHB Sean Gallina 0-0: Ground out 5-3 (Groundball, 56S, EV 87.5 MPH)
Batting: RHB James Wilson 0-0: Called Strike
0-1: Fly out, F7 (Flyball, 78D, EV 100.0 MPH)
Batting: RHB Riley Mortimer 0-0: Called Strike
0-1: Foul Ball, location: 2F
0-2: Ball
1-2: Fly out, F9 (Flyball, 9, EV 80.0 MPH)
Bottom of the 4th over - 0 runs, 0 hits, 0 errors, 0 left on base; Montreal 0 - Denver 0
TOP OF THE 5TH
Montreal Exports batting - Pitching for Denver Bulls : RHP Dwan Tamarovsky
Batting: RHB Zechariah Norkus 0-0: Called Strike
0-1: Ball
1-1: Swinging Strike
1-2: Foul Ball, location: 2F
1-2: Strikes out swinging
Batting: RHB Al Bush 0-0: Called Strike
0-1: Ball
1-1: Ball
2-1: DOUBLE (Flyball, 89D, EV 102.5 MPH)
Batting: RHB Asher Miles 0-0: Ball
1-0: Called Strike
1-1: Ball
2-1: Ground out 5-3 (Groundball, 56, EV 86.2 MPH)
Batting: RHB Landon Zitter 0-0: Fly out, F8 (Line Drive, 8LM, EV 101.9 MPH)
Top of the 5th over - 0 runs, 1 hit, 0 errors, 1 left on base; Montreal 0 - Denver 0
BOTTOM OF THE 5TH
Denver Bulls batting - Pitching for Montreal Exports : RHP Jake Stewart
Batting: RHB Bert Thoma 0-0: Ball
1-0: Foul Ball, location: 2F
1-1: Swinging Strike
1-2: SINGLE (Line Drive, 3D, EV 96.2 MPH)
Batting: LHB Mandela Faruq 0-0: Sac Bunt to 15S - play at second, runner OUT! 1-6
Batting: SHB T.J. Carter 0-0: Ball
1-0: Called Strike
1-1: Fly out, F7 (Flyball, 78M, EV 75.0 MPH)
Batting: RHB Liam Gill 0-0: Ball
1-0: Ball
2-0: Ball
3-0: Called Strike
3-1: Base on Balls
Mandela Faruq to second
Batting: RHB Dalton Brown 0-0: Ball
1-0: Foul Ball, location: 2F
1-1: Swinging Strike
1-2: Strikes out swinging
Bottom of the 5th over - 0 runs, 1 hit, 0 errors, 2 left on base; Montreal 0 - Denver 0
TOP OF THE 6TH
Montreal Exports batting - Pitching for Denver Bulls : RHP Dwan Tamarovsky
Batting: RHB Max Johnson 0-0: DOUBLE (Line Drive, 78D, EV 108.1 MPH)
Batting: RHB Henry Miller 0-0: Ball
1-0: Called Strike
1-1: TRIPLE (Flyball, 9LD, EV 110.6 MPH)
Max Johnson scores
Batting: RHB Derek Engledow 0-0: Called Strike
0-1: Ground out 6-3 (Groundball, P, EV 92.5 MPH)
Batting: LHB Jayden Marotta 0-0: Ball
1-0: Swinging Strike
1-1: Ball
2-1: Foul Ball, location: 2F
2-2: Foul Ball, location: 2F
2-2: Strikes out swinging
Batting: RHB Kyle Levin 0-0: Ground out 6-3 (Groundball, 6, EV 77.5 MPH)
Top of the 6th over - 1 run, 2 hits, 0 errors, 1 left on base; Montreal 1 - Denver 0
BOTTOM OF THE 6TH
Denver Bulls batting - Pitching for Montreal Exports : RHP Jake Stewart
Batting: LHB Brett Gesell 0-0: Ball
1-0: Called Strike
1-1: Ball
2-1: Swinging Strike
2-2: Fly out, F8 (Flyball, 78S, EV 88.8 MPH)
Batting: LHB Sean Gallina 0-0: Ball
1-0: SINGLE (Line Drive, 78S, EV 90.0 MPH)
Batting: RHB James Wilson 0-0: Called Strike
0-1: Foul Ball, location: 2F
0-2: Ball
1-2: SINGLE (Line Drive, 9S, EV 89.4 MPH)
Sean Gallina to second
Batting: RHB Riley Mortimer 0-0: Fly out, F7 (Line Drive, 78M, EV 110.6 MPH)
Batting: RHB Bert Thoma 0-0: Foul Ball, location: 2F
0-1: Called Strike
0-2: Fly out, F8 (Flyball, 8LD, EV 104.4 MPH)
Bottom of the 6th over - 0 runs, 2 hits, 0 errors, 2 left on base; Montreal 1 - Denver 0
TOP OF THE 7TH
Montreal Exports batting - Pitching for Denver Bulls : RHP Dwan Tamarovsky
Batting: RHB Zechariah Norkus 0-0: Ball
1-0: Ball
2-0: Foul Ball, location: 2F
2-1: Ball
3-1: Base on Balls
Batting: RHB Al Bush 0-0: Sac Bunt to 23 - play at first, batter OUT! 3-4
Zechariah Norkus to second
Batting: RHB Asher Miles 0-0: Ball
1-0: Called Strike
1-1: Swinging Strike
1-2: Foul Ball, location: 2F
1-2: Foul Ball, location: 2F
1-2: Strikes out swinging
Batting: RHB Landon Zitter 0-0: Called Strike
0-1: Ball
1-1: Ball
2-1: Reached on error, E4 (Groundball, 4, EV 84.4 MPH)
Zechariah Norkus to third
Batting: RHB Max Johnson 0-0: Ball
1-0: Ball
2-0: Called Strike
Pickoff Throw to First - Out! 1-3
Top of the 7th over - 0 runs, 0 hits, 1 error, 1 left on base; Montreal 1 - Denver 0
BOTTOM OF THE 7TH
Denver Bulls batting - Pitching for Montreal Exports : RHP Jake Stewart
Batting: LHB Mandela Faruq 0-0: Ball
1-0: Foul Ball, location: 2F
1-1: Foul Ball, location: 2F
1-2: Ball
2-2: SINGLE (Groundball, 56D, EV 96.2 MPH)
Pinch Hitting: LHB Johnathan Wang 0-0: Ball
1-0: Called Strike
1-1: Ball
2-1: DOUBLE (Line Drive, 5D, EV 98.8 MPH)
Mandela Faruq to third
Runner from 3rd tries for Home, SAFE, no throw by LF
Batting: RHB Liam Gill 0-0: Ball
1-0: Ball
2-0: Ball
3-0: Called Strike
3-1: Ground out 5-3 (Groundball, 56D, EV 76.9 MPH)
Batting: RHB Dalton Brown 0-0: SINGLE (Groundball, 4, EV 98.8 MPH)
Johnathan Wang to third
Runner from 3rd tries for Home, SAFE, throw by RF to home
Dalton Brown to second
Batting: LHB Brett Gesell 0-0: Called Strike
0-1: Called Strike
0-2: Strikes out looking
Pitching: RHP Eric Hendrix
Batting: LHB Sean Gallina 0-0: Ball
1-0: Ball
2-0: Ball
3-0: Base on Balls
Batting: RHB James Wilson 0-0: Ball
1-0: Swinging Strike
1-1: Ball
2-1: Fielders Choice at 2nd, 6-4 (Groundball, 6, EV 98.8 MPH)
Bottom of the 7th over - 2 runs, 3 hits, 0 errors, 2 left on base; Montreal 1 - Denver 2
TOP OF THE 8TH
Montreal Exports batting - Pitching for Denver Bulls : RHP Dwan Tamarovsky
Now in LF: Johnathan Wang
Now in CF: Mandela Faruq
Pinch Hitting: LHB Josh Plautz 0-0: Called Strike
0-1: Ball
1-1: Ball
2-1: Swinging Strike
2-2: Fly out, F8 (Line Drive, 8RD, EV 108.8 MPH)
Batting: RHB Henry Miller 0-0: Ball
1-0: Called Strike
1-1: Swinging Strike
1-2: Ball
2-2: Ball
3-2: Strikes out swinging
Batting: RHB Derek Engledow 0-0: Swinging Strike
0-1: Ball
1-1: Foul Ball, location: 2F
1-2: Strikes out looking
Top of the 8th over - 0 runs, 0 hits, 0 errors, 0 left on base; Montreal 1 - Denver 2
BOTTOM OF THE 8TH
Denver Bulls batting - Pitching for Montreal Exports : RHP Eric Hendrix
Now at SS: Asher Miles
Now in CF: Josh Plautz
Batting: RHB Riley Mortimer 0-0: Swinging Strike
0-1: Ball
1-1: Swinging Strike
1-2: Foul Ball, location: 2F
1-2: Foul Ball, location: 2F
1-2: Ball
2-2: Ground out 4-3 (Groundball, 4, EV 83.1 MPH)
Batting: RHB Bert Thoma 0-0: Called Strike
0-1: Called Strike
0-2: Strikes out swinging
Batting: LHB Mandela Faruq 0-0: Fly out, F4 (Line Drive, 4, EV 69.4 MPH)
Bottom of the 8th over - 0 runs, 0 hits, 0 errors, 0 left on base; Montreal 1 - Denver 2
TOP OF THE 9TH
Montreal Exports batting - Pitching for Denver Bulls : RHP Dwan Tamarovsky
Pitching: LHP Colby Saunders
Now at 2B: Colt Locklair
Batting: LHB Jayden Marotta 0-0: Called Strike
0-1: Ground out 4-3 (Groundball, 4S, EV 68.8 MPH)
Batting: RHB Kyle Levin 0-0: Ball
1-0: Called Strike
1-1: Called Strike
1-2: Reached on error, E5 (Groundball, 56, EV 81.9 MPH)
Batting: RHB Zechariah Norkus 0-0: Called Strike
0-1: Foul Ball, location: 2F
0-2: Ball
1-2: Strikes out swinging
Batting: RHB Al Bush 0-0: Foul Ball, location: 2F
0-1: Called Strike
0-2: Foul Ball, location: 2F
0-2: Ball
1-2: Fly out, F9 (Flyball, 89M, EV 91.9 MPH)
Top of the 9th over - 0 runs, 0 hits, 1 error, 1 left on base; Montreal 1 - Denver 2
Monday, April 29th , 2024 - OOTP Baseball 23.10 Build 110